Saguenéens vs Carnivores
(R1)
Created - March 29, 2020 at 19:41
Goals
|
| Saguenéens |
1 |
2 |
0 |
0 |
2 |
4 |
| Carnivores |
0 |
2 |
1 |
0 |
1 |
3 |
|
Shots
|
| Saguenéens |
8 |
10 |
1 |
1 |
5 |
20 |
| Carnivores |
2 |
10 |
11 |
0 |
5 |
23 |
|
1st period
1. Saguenéens , Henrik Samuelsson 11 (Rhett Rakhshani 16, Jake McCabe 29) at 13:05
Penalties :
Mark Stone (Chi) for High sticking (Double Minor) at 0:43, Christian Djoos (Bre) for High sticking (Minor) at 6:07, Riley Barber (Bre) for Holding (Minor) at 14:44
2nd period
2. Saguenéens , Garnet Hathaway 14 (Seth Helgeson 36) at 0:37 (PP)
3. Carnivores , Markus Granlund 16 (Christian Djoos 6) at 7:16
4. Carnivores , Joel Armia 20 (Anton Gustafsson 49, Mattias Backman 13) at 12:57
5. Saguenéens , Mason Raymond 42 (Seth Helgeson 37, Aleksander Barkov 44) at 13:14
Penalties :
Scott Laughton (Bre) for Holding (Minor) at 0:28, Seth Helgeson (Chi) for Roughing (Double Minor) at 2:45, Scott Laughton (Bre) for High sticking (Minor) at 7:45, Mason Raymond (Chi) for Tripping (Minor) at 8:58, Josh Morrissey (Bre) for Cross-checking (Minor) at 13:21, Duncan Siemens (Chi) for Boarding (Minor) at 16:19
3rd period
6. Carnivores , Mark McNeill 13 (Mattias Backman 14, Scott Laughton 26) at 3:42
Penalties :
Teemu Pulkkinen (Chi) for Holding (Minor) at 4:51, Oskar Lindblom (Bre) for Boarding (Minor) at 14:37
Overtime #1
No Goal
Penalties :
No Penalty
Shootout
Saguenéens, Garnet Hathaway - Stopped by Niklas Svedberg
Carnivores, Blake Geoffrion - Goal!
Saguenéens, Mason Raymond - Stopped by Niklas Svedberg
Carnivores, Anton Gustafsson - Shot Misses the Net
Saguenéens, Mark Stone - Goal!
Carnivores, Oskar Lindblom - Stopped by Joe Cannata
Saguenéens, Carl Hagelin - Stopped by Niklas Svedberg
Carnivores, Markus Granlund - Stopped by Joe Cannata
Saguenéens, Aleksander Barkov - Goal!
Carnivores, Scott Laughton - Stopped by Joe Cannata
Penalties :
No Penalty
Goalie Stats
Joe Cannata (Chi), 20 saves from 23 shots - (0.870), W, 25-19-5, 65:00 minutes
Niklas Svedberg (Bre), 17 saves from 20 shots - (0.850), OTL, 22-18-3, 65:00 minutes
Players Stats for Saguenéens
Player Name G A P +/- PIM S H SB GA TA FO MP PP MP PK MP
------------------------------------------------------------------------------------
Adam Erne 0 0 0 0 0 0 0 0 0 0 0/0 0:55 0:03 0:00
Aleksander Barkov 0 1 1 1 0 4 1 0 0 1 8/23 15:15 4:58 0:00
Alexander Wennberg 0 0 0 0 0 0 0 0 0 0 0/0 0:00 0:00 0:00
Carl Hagelin 0 0 0 -1 0 2 1 0 0 0 0/0 20:26 4:16 4:16
Craig Cunningham 0 0 0 -1 0 0 1 1 1 0 1/1 15:40 0:07 2:44
Duncan Siemens 0 0 0 -2 2 0 1 0 0 1 0/0 12:35 0:00 0:44
Garnet Hathaway 1 0 1 1 0 1 2 0 0 1 6/12 23:52 4:58 5:55
Henrik Samuelsson 1 0 1 -1 0 2 1 0 0 0 2/3 9:01 0:00 0:00
Jake McCabe 0 1 1 1 0 0 3 2 1 0 0/0 28:46 5:33 6:19
Julius Honka 0 0 0 -2 0 0 1 0 0 1 0/0 13:37 0:00 2:43
Juraj Mikus 0 0 0 -1 0 4 0 0 0 0 1/5 13:31 4:16 0:00
Mark Stone 0 0 0 -1 4 1 1 0 0 0 1/2 19:22 4:16 2:47
Mason Raymond 1 0 1 1 2 3 4 0 0 2 0/2 26:34 4:55 5:21
Mattias Janmark 0 0 0 0 0 0 0 0 0 0 0/0 0:00 0:00 0:00
Mike Amadio 0 0 0 0 0 0 0 0 0 0 0/1 4:17 0:00 0:00
Mikhail Grigorenko 0 0 0 0 0 1 0 0 0 0 0/1 3:13 0:00 1:52
Myles Bell 0 0 0 0 0 0 0 0 0 0 0/0 0:00 0:00 0:00
Nick Mattson 0 0 0 0 0 1 2 2 0 0 0/0 24:18 3:45 5:41
Nick Paul 0 0 0 0 0 0 0 0 0 0 0/0 0:00 0:00 0:00
Patrick Sieloff 0 0 0 0 0 0 0 2 1 0 0/0 24:28 3:45 5:49
Rhett Rakhshani 0 1 1 -1 0 0 1 0 1 0 0/2 14:29 0:00 3:04
Robert Hagg 0 0 0 0 0 0 0 0 0 0 0/0 0:25 0:00 0:25
Seth Helgeson 0 2 2 1 4 1 3 1 0 2 0/0 26:51 5:33 4:37
Tanner Richard 0 0 0 0 0 0 0 0 0 0 0/0 0:00 0:00 0:00
Teemu Pulkkinen 0 0 0 0 2 0 0 0 0 0 0/0 8:25 0:04 0:19
Players Stats for Carnivores
Player Name G A P +/- PIM S H SB GA TA FO MP PP MP PK MP
------------------------------------------------------------------------------------
Adam Almquist 0 0 0 0 0 0 0 0 0 0 0/0 2:30 1:15 0:10
Anton Gustafsson 0 1 1 0 0 1 1 0 1 0 23/35 24:31 5:36 5:08
Barret Jackman 0 0 0 1 0 0 1 0 0 2 0/0 29:19 6:33 5:49
Blake Geoffrion 0 0 0 0 0 6 1 0 3 0 0/0 21:05 5:36 1:17
Brett Connolly 0 0 0 1 0 1 2 1 1 0 0/0 13:34 5:13 0:00
Christian Djoos 0 1 1 0 2 1 1 0 0 0 0/0 17:58 1:25 2:30
Hunter Shinkaruk 0 0 0 -1 0 1 0 0 0 0 1/1 12:18 1:43 1:17
Jeremy Welsh 0 0 0 0 0 0 0 0 0 0 0/0 0:23 0:12 0:00
Joel Armia 1 0 1 0 0 2 2 0 0 1 0/0 17:00 5:36 0:00
Josh Morrissey 0 0 0 2 2 1 1 0 0 0 0/0 29:13 6:33 4:31
Josh Wesley 0 0 0 0 0 0 0 0 0 0 0/0 9:11 0:00 0:00
Lucas Wallmark 0 0 0 -1 0 0 1 0 0 0 1/2 7:08 0:00 0:00
Mark McNeill 1 0 1 1 0 1 0 0 0 0 0/0 14:35 2:06 2:53
Markus Granlund 1 0 1 1 0 2 1 0 1 1 4/5 11:26 0:22 2:53
Mattias Backman 0 2 2 -1 0 2 1 2 1 0 0/0 24:07 5:21 3:48
Nicolas Kerdiles 0 0 0 1 0 0 0 0 0 0 1/1 22:09 5:51 5:08
Oskar Lindblom 0 0 0 1 2 0 2 0 0 0 0/0 12:25 1:49 0:00
Riley Barber 0 0 0 -1 2 0 2 0 0 0 0/0 7:08 0:00 0:00
Scott Laughton 0 1 1 1 4 4 5 0 0 0 3/8 16:07 5:23 0:00
Trevor Van Riemsdyk 0 0 0 0 0 1 0 1 1 0 0/0 17:43 5:11 1:48
3 Stars
1 - Garnet Hathaway (Chi)
2 - Mason Raymond (Chi)
3 - Jake McCabe (Chi)
Power Play
Saguenéens - 1 on 6 Attempt(s) - 16.67%
Carnivores - 0 on 7 Attempt(s) - 0.00%
Penalty Kill
Saguenéens - 7 on 7 Attempt(s) - 100.00%
- Score 0 goal in Penalty Kill
Carnivores - 5 on 6 Attempt(s) - 83.33%
- Score 0 goal in Penalty Kill
Team Stat
Saguenéens - Hits : 22 - Faceoff Wins : 19 - Blocked Shots : 8 - Penalty Minutes : 14
Carnivores - Hits : 21 - Faceoff Wins : 33 - Blocked Shots : 4 - Penalty Minutes : 12
Official
Referees : Unknown
Linesman : Unknown
Game Notes
No Game Note
Finance
Level 1 -- Attendance: 1372 (68.60%) -- Ticket Income $54,880
Level 2 -- Attendance: 703 (70.30%) -- Ticket Income $14,060
Total Attendance: 2075 (69.17%)
Total Ticket Income: $68,940
Other Income: $3,447
Total Income: $72,387
Saguenéens
5 vs 5 Forward
Center Left Wing Right Wing Time % Phy DF OF
1 Aleksander Barkov Mason Raymond Garnet Hathaway 40 1 2 2
2 Juraj Mikus Carl Hagelin Mark Stone 30 1 2 2
3 Henrik Samuelsson Craig Cunningham Rhett Rakhshani 20 1 2 2
4 Mike Amadio Teemu Pulkkinen Mason Raymond 10 1 2 2
5 vs 5 Defense
Defense Defense Time % Phy DF OF
1 Jake McCabe Seth Helgeson 40 1 2 2
2 Nick Mattson Patrick Sieloff 30 1 2 2
3 Duncan Siemens Julius Honka 20 1 2 2
4 Jake McCabe Seth Helgeson 10 1 2 2
PowerPlay Forward
Center Left Wing Right Wing Time % Phy DF OF
1 Aleksander Barkov Mason Raymond Garnet Hathaway 60 1 2 2
2 Juraj Mikus Carl Hagelin Mark Stone 40 1 2 2
PowerPlay Defense
Defense Defense Time % Phy DF OF
1 Jake McCabe Seth Helgeson 60 1 2 2
2 Nick Mattson Patrick Sieloff 40 1 2 2
Penalty Kill 4 Players Forward
Center Wing Time % Phy DF OF
1 Garnet Hathaway Mason Raymond 60 1 2 2
2 Mark Stone Carl Hagelin 40 1 2 2
Penalty Kill 4 Players Defense
Defense Defense Time % Phy DF OF
1 Jake McCabe Seth Helgeson 60 1 2 2
2 Nick Mattson Patrick Sieloff 40 1 2 2
Penalty Kill - 3 Players Forward
Forward Time % Phy DF OF
1 Garnet Hathaway 60 1 2 2
2 Mason Raymond 40 1 2 2
Penalty Kill - 3 Players Defense
Defense Defense Time % Phy DF OF
1 Jake McCabe Seth Helgeson 60 1 2 2
2 Nick Mattson Patrick Sieloff 40 1 2 2
4 vs 4 Forward
Center Wing Time % Phy DF OF
1 Garnet Hathaway Mason Raymond 60 1 2 2
2 Mark Stone Carl Hagelin 40 1 2 2
4 vs 4 Defense
Defense Defense Time % Phy DF OF
1 Jake McCabe Seth Helgeson 60 1 2 2
2 Nick Mattson Patrick Sieloff 40 1 2 2
Last Minutes Offensive
Center Left Wing Right Wing Defense Defense
Aleksander Barkov Mason Raymond Garnet Hathaway Jake McCabe Seth Helgeson
Last Minutes Defensive
Center Left Wing Right Wing Defense Defense
Aleksander Barkov Mason Raymond Garnet Hathaway Jake McCabe Seth Helgeson
Goaltenders
Starting : Joe Cannata
Backup : Tyler Beskorowany
Extra Forwards
Normal : Craig Cunningham, Teemu Pulkkinen, Rhett Rakhshani - PP : Craig Cunningham, Teemu Pulkkinen - PK : Rhett Rakhshani
Extra Defensemen
Normal : Duncan Siemens, Julius Honka, Nick Mattson - PP : Duncan Siemens - PK : Julius Honka, Nick Mattson
Penalty Shots
Garnet Hathaway, Mason Raymond, Mark Stone, Carl Hagelin, Aleksander Barkov
Scratches
Dylan Labbe (Healthy), Calle Andersson (Healthy), Clark Bishop (Healthy), Nikita Scherbak (Healthy), JJ. Piccinich (Healthy)
Michael Giugovaz (Healthy)
Carnivores
5 vs 5 Forward
Center Left Wing Right Wing Time % Phy DF OF
1 Anton Gustafsson Blake Geoffrion Joel Armia 40 1 2 2
2 Scott Laughton Nicolas Kerdiles Mark McNeill 30 1 2 2
3 Markus Granlund Oskar Lindblom Brett Connolly 20 1 2 2
4 Lucas Wallmark Hunter Shinkaruk Riley Barber 10 1 2 2
5 vs 5 Defense
Defense Defense Time % Phy DF OF
1 Barret Jackman Josh Morrissey 40 1 2 2
2 Christian Djoos Mattias Backman 30 1 2 2
3 Josh Wesley Trevor Van Riemsdyk 20 1 2 2
4 Christian Djoos Josh Morrissey 10 1 2 2
PowerPlay Forward
Center Left Wing Right Wing Time % Phy DF OF
1 Anton Gustafsson Blake Geoffrion Joel Armia 60 1 1 3
2 Scott Laughton Nicolas Kerdiles Brett Connolly 40 1 1 3
PowerPlay Defense
Defense Defense Time % Phy DF OF
1 Barret Jackman Josh Morrissey 60 1 1 3
2 Mattias Backman Trevor Van Riemsdyk 40 1 1 3
Penalty Kill 4 Players Forward
Center Wing Time % Phy DF OF
1 Anton Gustafsson Nicolas Kerdiles 60 1 2 2
2 Markus Granlund Mark McNeill 40 1 2 2
Penalty Kill 4 Players Defense
Defense Defense Time % Phy DF OF
1 Barret Jackman Josh Morrissey 60 1 3 1
2 Christian Djoos Mattias Backman 40 1 3 1
Penalty Kill - 3 Players Forward
Forward Time % Phy DF OF
1 Mark McNeill 60 1 3 1
2 Anton Gustafsson 40 1 3 1
Penalty Kill - 3 Players Defense
Defense Defense Time % Phy DF OF
1 Barret Jackman Josh Morrissey 60 1 3 1
2 Christian Djoos Mattias Backman 40 1 3 1
4 vs 4 Forward
Center Wing Time % Phy DF OF
1 Anton Gustafsson Blake Geoffrion 60 1 2 2
2 Scott Laughton Nicolas Kerdiles 40 1 2 2
4 vs 4 Defense
Defense Defense Time % Phy DF OF
1 Barret Jackman Josh Morrissey 60 1 2 2
2 Christian Djoos Mattias Backman 40 1 2 2
Last Minutes Offensive
Center Left Wing Right Wing Defense Defense
Anton Gustafsson Blake Geoffrion Joel Armia Barret Jackman Josh Morrissey
Last Minutes Defensive
Center Left Wing Right Wing Defense Defense
Anton Gustafsson Nicolas Kerdiles Mark McNeill Barret Jackman Josh Morrissey
Goaltenders
Starting : Niklas Svedberg
Backup : Tristan Jarry
Extra Forwards
Normal : Oskar Lindblom, Hunter Shinkaruk, Nicolas Kerdiles - PP : Oskar Lindblom, Hunter Shinkaruk - PK : Blake Geoffrion
Extra Defensemen
Normal : Adam Almquist, Mattias Backman, Christian Djoos - PP : Adam Almquist - PK : Trevor Van Riemsdyk, Christian Djoos
Penalty Shots
Blake Geoffrion, Anton Gustafsson, Oskar Lindblom, Markus Granlund, Scott Laughton
Scratches
Ryan Olsen (Healthy), Mat Clark (Chest/Ribs Injury), Stanislav Galiev (Healthy), Mark MacMillan (Healthy), Troy Bourke (Healthy)
Alexandre Mallet (Healthy), David Fischer (Sore Left Knee Injury), Andreas Englund (Sprained Left Ankle Injury), T.J Brodie (Concussion Injury), Linus Ullmark (Healthy)
% Time on Ice - Saguenéens
Lines # - Real PCT - Wanted PCT - Time Play
Normal Forward
1 - 31% - 40% - 11:34
2 - 32% - 30% - 11:55
3 - 25% - 20% - 9:01
4 - 12% - 10% - 4:17
Normal Defense
1 - 38% - 40% - 13:58
2 - 34% - 30% - 12:26
3 - 28% - 20% - 10:23
4 - 0% - 10% - 0:00
PP Forward
1 - 54% - 60% - 5:02
2 - 46% - 40% - 4:16
PP Defense
1 - 60% - 60% - 5:33
2 - 40% - 40% - 3:45
PK Forward
1 - 66% - 60% - 8:41
2 - 34% - 40% - 4:28
PK Defense
1 - 63% - 60% - 8:21
2 - 37% - 40% - 4:48
PK3 Forward
1 - 0% - 60%
2 - 0% - 40%
PK3 Defense
1 - 0% - 60%
2 - 0% - 40%
44 Forward
1 - 78% - 60% - 4:31
2 - 22% - 40% - 1:15
44 Defense
1 - 58% - 60% - 3:20
2 - 42% - 40% - 2:26
Last Minute Offensive - 0:00
Last Minute Defensive - 0:00
Total
Forward - 65:00
Defense - 65:00
|
% Time on Ice - Carnivores
Lines # - Real PCT - Wanted PCT - Time Play
Normal Forward
1 - 33% - 40% - 12:02
2 - 26% - 30% - 9:27
3 - 22% - 20% - 8:10
4 - 19% - 10% - 7:08
Normal Defense
1 - 39% - 40% - 14:24
2 - 33% - 30% - 11:59
3 - 25% - 20% - 9:11
4 - 3% - 10% - 1:13
PP Forward
1 - 51% - 60% - 6:41
2 - 49% - 40% - 6:28
PP Defense
1 - 59% - 60% - 7:48
2 - 41% - 40% - 5:21
PK Forward
1 - 69% - 60% - 6:25
2 - 31% - 40% - 2:53
PK Defense
1 - 64% - 60% - 5:59
2 - 36% - 40% - 3:19
PK3 Forward
1 - 0% - 60%
2 - 0% - 40%
PK3 Defense
1 - 0% - 60%
2 - 0% - 40%
44 Forward
1 - 83% - 60% - 4:48
2 - 17% - 40% - 0:58
44 Defense
1 - 63% - 60% - 3:38
2 - 37% - 40% - 2:08
Last Minute Offensive - 0:00
Last Minute Defensive - 0:00
Total
Forward - 65:00
Defense - 65:00
|
Play-by-Play
1st period
0:01 of 1st period - Aleksander Barkov wins face-off versus Anton Gustafsson in neutral zone.
0:43 of 1st period - Double Minor Penalty to Mark Stone for High sticking.
0:44 of 1st period - Anton Gustafsson wins face-off versus Garnet Hathaway in Saguenéens zone.
0:51 of 1st period - Snap shot by Blake Geoffrion.
0:51 of 1st period - Stopped by Joe Cannata with a rebound.
1:34 of 1st period - Patrick Sieloff is hit by Blake Geoffrion and loses puck.
1:55 of 1st period - Carl Hagelin is hit by Scott Laughton and loses puck.
2:39 of 1st period - Mattias Backman is hit by Rhett Rakhshani.
2:43 of 1st period - Jake McCabe is hit by Barret Jackman and loses puck.
4:32 of 1st period - Icing by Nicolas Kerdiles.
4:33 of 1st period - Markus Granlund wins face-off versus Garnet Hathaway in Carnivores zone.
4:43 of 1st period - Penalty to Mark Stone is over, Mark Stone is back on ice.
5:09 of 1st period - Barret Jackman is hit by Mason Raymond and loses puck.
5:34 of 1st period - Off-side.
5:35 of 1st period - Aleksander Barkov wins face-off versus Scott Laughton in neutral zone.
5:44 of 1st period - Mason Raymond is hit by Christian Djoos and loses puck.
6:05 of 1st period - Slapshot by Jake McCabe.
6:05 of 1st period - Shot Blocked by Mattias Backman.
6:07 of 1st period - Minor Penalty to Christian Djoos for High sticking.
6:08 of 1st period - Anton Gustafsson wins face-off versus Aleksander Barkov in Carnivores zone.
6:47 of 1st period - Icing by Mark Stone.
6:48 of 1st period - Anton Gustafsson wins face-off versus Juraj Mikus in Saguenéens zone.
7:36 of 1st period - Anton Gustafsson is hit by Aleksander Barkov and loses puck.
8:07 of 1st period - Penalty to Christian Djoos is over, Christian Djoos is back on ice.
9:33 of 1st period - Off-side.
9:34 of 1st period - Scott Laughton wins face-off versus Mike Amadio in neutral zone.
9:41 of 1st period - Snap shot by Scott Laughton.
9:41 of 1st period - Shot Misses the Net.
10:32 of 1st period - Snap shot by Henrik Samuelsson.
10:32 of 1st period - Shot Blocked by Mattias Backman.
10:40 of 1st period - Jake McCabe is hit by Brett Connolly and loses puck.
10:47 of 1st period - Slapshot by Brett Connolly.
10:47 of 1st period - Stopped by Joe Cannata without a rebound.
10:48 of 1st period - Anton Gustafsson wins face-off versus Aleksander Barkov in Saguenéens zone.
11:17 of 1st period - Wrist shot by Juraj Mikus.
11:17 of 1st period - Stopped by Niklas Svedberg without a rebound.
11:18 of 1st period - Scott Laughton wins face-off versus Juraj Mikus in Carnivores zone.
11:25 of 1st period - Wrist shot by Carl Hagelin.
11:25 of 1st period - Stopped by Niklas Svedberg without a rebound.
11:26 of 1st period - Aleksander Barkov wins face-off versus Scott Laughton in Carnivores zone.
11:35 of 1st period - Wrist shot by Mason Raymond.
11:35 of 1st period - Stopped by Niklas Svedberg with a rebound.
11:41 of 1st period - Snap shot by Aleksander Barkov.
11:41 of 1st period - Shot Misses the Net.
12:02 of 1st period - Snap shot by Henrik Samuelsson.
12:02 of 1st period - Stopped by Niklas Svedberg without a rebound.
12:03 of 1st period - Garnet Hathaway wins face-off versus Anton Gustafsson in Carnivores zone.
12:28 of 1st period - Markus Granlund is hit by Nick Mattson and loses puck.
12:33 of 1st period - Snap shot by Carl Hagelin.
12:33 of 1st period - Stopped by Niklas Svedberg with a rebound.
12:48 of 1st period - Off-side.
12:49 of 1st period - Lucas Wallmark wins face-off versus Henrik Samuelsson in neutral zone.
12:49 of 1st period - Lucas Wallmark is hit by Jake McCabe.
13:05 of 1st period - Snap shot by Henrik Samuelsson.
13:05 of 1st period - Goal by Henrik Samuelsson - Saguenéens : 1 - Carnivores : 0.
13:06 of 1st period - Anton Gustafsson wins face-off versus Aleksander Barkov in neutral zone.
13:21 of 1st period - Snap shot by Blake Geoffrion.
13:21 of 1st period - Shot Misses the Net.
13:58 of 1st period - Wrist shot by Markus Granlund.
13:58 of 1st period - Shot Blocked by Seth Helgeson.
14:12 of 1st period - Anton Gustafsson is hit by Mason Raymond and loses puck.
14:44 of 1st period - Minor Penalty to Riley Barber for Holding.
14:45 of 1st period - Anton Gustafsson wins face-off versus Juraj Mikus in Carnivores zone.
15:19 of 1st period - Icing by Seth Helgeson.
15:20 of 1st period - Anton Gustafsson wins face-off versus Aleksander Barkov in Saguenéens zone.
15:35 of 1st period - Anton Gustafsson is hit by Seth Helgeson.
16:34 of 1st period - Markus Granlund is hit by Jake McCabe and loses puck.
16:44 of 1st period - Penalty to Riley Barber is over, Riley Barber is back on ice.
17:07 of 1st period - Slapshot by Jake McCabe.
17:07 of 1st period - Shot Blocked by Brett Connolly.
17:14 of 1st period - Icing by Brett Connolly.
17:15 of 1st period - Craig Cunningham wins face-off versus Markus Granlund in Carnivores zone.
17:18 of 1st period - Snap shot by Craig Cunningham.
17:18 of 1st period - Deflect By Trevor Van Riemsdyk.
17:18 of 1st period - Shot Blocked by Trevor Van Riemsdyk.
17:18 of 1st period - Puck is out of play.
17:19 of 1st period - Henrik Samuelsson wins face-off versus Anton Gustafsson in Carnivores zone.
17:53 of 1st period - Snap shot by Aleksander Barkov.
17:53 of 1st period - Stopped by Niklas Svedberg with a rebound.
17:55 of 1st period - Wrist shot by Mason Raymond.
17:55 of 1st period - Stopped by Niklas Svedberg with a rebound.
18:53 of 1st period - Snap shot by Aleksander Barkov.
18:53 of 1st period - Shot Hit the Post.
Goals for this period are 1 for Saguenéens vs 0 for Carnivores.
Shots for this period are 8 for Saguenéens vs 2 for Carnivores.
2nd period
0:01 of 2nd period - Aleksander Barkov wins face-off versus Anton Gustafsson in neutral zone.
0:07 of 2nd period - Off-side.
0:08 of 2nd period - Aleksander Barkov wins face-off versus Anton Gustafsson in neutral zone.
0:17 of 2nd period - Slapshot by Aleksander Barkov.
0:17 of 2nd period - Stopped by Niklas Svedberg with a rebound.
0:19 of 2nd period - Backhand shot by Jake McCabe.
0:19 of 2nd period - Shot Misses the Net.
0:21 of 2nd period - Snap shot by Mason Raymond.
0:21 of 2nd period - Shot Misses the Net.
0:23 of 2nd period - Wrist shot by Aleksander Barkov.
0:23 of 2nd period - Stopped by Niklas Svedberg without a rebound.
0:24 of 2nd period - Juraj Mikus wins face-off versus Scott Laughton in Carnivores zone.
0:28 of 2nd period - Minor Penalty to Scott Laughton for Holding.
0:29 of 2nd period - Anton Gustafsson wins face-off versus Mason Raymond in Carnivores zone.
0:37 of 2nd period - Wrist shot by Garnet Hathaway.
0:37 of 2nd period - Goal by Garnet Hathaway - Saguenéens : 2 - Carnivores : 0.
0:38 of 2nd period - Aleksander Barkov wins face-off versus Anton Gustafsson in neutral zone.
1:03 of 2nd period - Scott Laughton is hit by Carl Hagelin and loses puck.
1:29 of 2nd period - Nick Mattson is hit by Scott Laughton and loses puck.
1:36 of 2nd period - Mark McNeill is hit by Henrik Samuelsson and loses puck.
2:19 of 2nd period - Wrist shot by Mark Stone.
2:19 of 2nd period - Stopped by Niklas Svedberg with a rebound.
2:21 of 2nd period - Wrist shot by Juraj Mikus.
2:21 of 2nd period - Stopped by Niklas Svedberg with a rebound.
2:23 of 2nd period - Slapshot by Julius Honka.
2:23 of 2nd period - Deflect By Juraj Mikus.
2:23 of 2nd period - Stopped by Niklas Svedberg with a rebound.
2:38 of 2nd period - Off-side.
2:39 of 2nd period - Markus Granlund wins face-off versus Aleksander Barkov in neutral zone.
2:45 of 2nd period - Double Minor Penalty to Seth Helgeson for Roughing.
2:46 of 2nd period - Anton Gustafsson wins face-off versus Garnet Hathaway in Saguenéens zone.
2:46 of 2nd period - Wrist shot by Joel Armia.
2:46 of 2nd period - Stopped by Joe Cannata without a rebound.
2:47 of 2nd period - Garnet Hathaway wins face-off versus Anton Gustafsson in Saguenéens zone.
3:58 of 2nd period - Wrist shot by Mason Raymond.
3:58 of 2nd period - Shot Misses the Net.
4:45 of 2nd period - Mason Raymond is hit by Anton Gustafsson and loses puck.
6:10 of 2nd period - Icing by Barret Jackman.
6:11 of 2nd period - Nicolas Kerdiles wins face-off versus Mark Stone in Carnivores zone.
6:45 of 2nd period - Penalty to Seth Helgeson is over, Seth Helgeson is back on ice.
6:52 of 2nd period - Slapshot by Jake McCabe.
6:52 of 2nd period - Shot Misses the Net.
6:58 of 2nd period - Snap shot by Hunter Shinkaruk.
6:58 of 2nd period - Shot Blocked by Craig Cunningham.
7:02 of 2nd period - Wrist shot by Hunter Shinkaruk.
7:02 of 2nd period - Stopped by Joe Cannata with a rebound.
7:16 of 2nd period - Wrist shot by Markus Granlund.
7:16 of 2nd period - Goal by Markus Granlund - Saguenéens : 2 - Carnivores : 1.
7:17 of 2nd period - Anton Gustafsson wins face-off versus Mason Raymond in neutral zone.
7:45 of 2nd period - Minor Penalty to Scott Laughton for High sticking.
7:46 of 2nd period - Anton Gustafsson wins face-off versus Aleksander Barkov in Carnivores zone.
8:23 of 2nd period - Slapshot by Juraj Mikus.
8:23 of 2nd period - Stopped by Niklas Svedberg without a rebound.
8:24 of 2nd period - Markus Granlund wins face-off versus Juraj Mikus in Carnivores zone.
8:58 of 2nd period - Minor Penalty to Mason Raymond for Tripping.
8:59 of 2nd period - Garnet Hathaway wins face-off versus Anton Gustafsson in Saguenéens zone.
9:38 of 2nd period - Snap shot by Rhett Rakhshani.
9:38 of 2nd period - Shot Misses the Net.
9:45 of 2nd period - Penalty to Scott Laughton is over, Scott Laughton is back on ice.
9:46 of 2nd period - Slapshot by Mattias Backman.
9:46 of 2nd period - Shot Misses the Net.
9:48 of 2nd period - Wrist shot by Christian Djoos.
9:48 of 2nd period - Shot Blocked by Nick Mattson.
9:50 of 2nd period - Slapshot by Scott Laughton.
9:50 of 2nd period - Stopped by Joe Cannata with a rebound.
9:52 of 2nd period - Snap shot by Christian Djoos.
9:52 of 2nd period - Shot Blocked by Patrick Sieloff.
9:54 of 2nd period - Slapshot by Christian Djoos.
9:54 of 2nd period - Stopped by Joe Cannata without a rebound.
9:55 of 2nd period - Scott Laughton wins face-off versus Garnet Hathaway in Saguenéens zone.
10:04 of 2nd period - Slapshot by Brett Connolly.
10:04 of 2nd period - Shot Misses the Net.
10:47 of 2nd period - Mark Stone is hit by Joel Armia and loses puck.
10:58 of 2nd period - Penalty to Mason Raymond is over, Mason Raymond is back on ice.
12:17 of 2nd period - Snap shot by Aleksander Barkov.
12:17 of 2nd period - Shot Misses the Net.
12:43 of 2nd period - Snap shot by Craig Cunningham.
12:43 of 2nd period - Deflect By Rhett Rakhshani.
12:43 of 2nd period - Shot Misses the Net.
12:43 of 2nd period - Puck is out of play.
12:44 of 2nd period - Henrik Samuelsson wins face-off versus Anton Gustafsson in Carnivores zone.
12:55 of 2nd period - Wrist shot by Anton Gustafsson.
12:55 of 2nd period - Stopped by Joe Cannata with a rebound.
12:57 of 2nd period - Wrist shot by Joel Armia.
12:57 of 2nd period - Goal by Joel Armia - Saguenéens : 2 - Carnivores : 2.
12:58 of 2nd period - Anton Gustafsson wins face-off versus Aleksander Barkov in neutral zone.
12:58 of 2nd period - Anton Gustafsson is hit by Garnet Hathaway.
13:08 of 2nd period - Snap shot by Garnet Hathaway.
13:08 of 2nd period - Shot Misses the Net.
13:10 of 2nd period - Snap shot by Aleksander Barkov.
13:10 of 2nd period - Stopped by Niklas Svedberg with a rebound.
13:12 of 2nd period - Snap shot by Seth Helgeson.
13:12 of 2nd period - Stopped by Niklas Svedberg with a rebound.
13:14 of 2nd period - Wrist shot by Mason Raymond.
13:14 of 2nd period - Goal by Mason Raymond - Saguenéens : 3 - Carnivores : 2.
13:15 of 2nd period - Anton Gustafsson wins face-off versus Aleksander Barkov in neutral zone.
13:21 of 2nd period - Minor Penalty to Josh Morrissey for Cross-checking.
13:22 of 2nd period - Anton Gustafsson wins face-off versus Aleksander Barkov in Carnivores zone.
15:21 of 2nd period - Penalty to Josh Morrissey is over, Josh Morrissey is back on ice.
15:38 of 2nd period - Snap shot by Brett Connolly.
15:38 of 2nd period - Deflect By Markus Granlund.
15:38 of 2nd period - Shot Misses the Net.
15:38 of 2nd period - Puck is out of play.
15:39 of 2nd period - Markus Granlund wins face-off versus Rhett Rakhshani in Saguenéens zone.
16:19 of 2nd period - Minor Penalty to Duncan Siemens for Boarding.
16:20 of 2nd period - Anton Gustafsson wins face-off versus Garnet Hathaway in Saguenéens zone.
16:20 of 2nd period - Slapshot by Blake Geoffrion.
16:20 of 2nd period - Stopped by Joe Cannata without a rebound.
16:21 of 2nd period - Garnet Hathaway wins face-off versus Anton Gustafsson in Saguenéens zone.
16:34 of 2nd period - Snap shot by Mason Raymond.
16:34 of 2nd period - Shot Misses the Net.
16:57 of 2nd period - Snap shot by Blake Geoffrion.
16:57 of 2nd period - Shot Misses the Net.
17:39 of 2nd period - Trevor Van Riemsdyk is hit by Seth Helgeson and loses puck.
18:06 of 2nd period - Nick Mattson is hit by Oskar Lindblom and loses puck.
18:19 of 2nd period - Penalty to Duncan Siemens is over, Duncan Siemens is back on ice.
18:28 of 2nd period - Icing by Mark Stone.
18:29 of 2nd period - Mark Stone wins face-off versus Lucas Wallmark in Saguenéens zone.
19:18 of 2nd period - Slapshot by Trevor Van Riemsdyk.
19:18 of 2nd period - Stopped by Joe Cannata without a rebound.
19:19 of 2nd period - Anton Gustafsson wins face-off versus Aleksander Barkov in Saguenéens zone.
19:45 of 2nd period - Backhand shot by Markus Granlund.
19:45 of 2nd period - Stopped by Joe Cannata with a rebound.
Goals for this period are 2 for Saguenéens vs 2 for Carnivores.
Shots for this period are 10 for Saguenéens vs 10 for Carnivores.
3rd period
0:01 of 3rd period - Anton Gustafsson wins face-off versus Aleksander Barkov in neutral zone.
0:04 of 3rd period - Snap shot by Blake Geoffrion.
0:04 of 3rd period - Stopped by Joe Cannata with a rebound.
0:14 of 3rd period - Josh Morrissey is hit by Mason Raymond and loses puck.
0:36 of 3rd period - Slapshot by Scott Laughton.
0:36 of 3rd period - Stopped by Joe Cannata without a rebound.
0:37 of 3rd period - Anton Gustafsson wins face-off versus Aleksander Barkov in Saguenéens zone.
0:38 of 3rd period - Backhand shot by Blake Geoffrion.
0:38 of 3rd period - Stopped by Joe Cannata without a rebound.
0:39 of 3rd period - Anton Gustafsson wins face-off versus Aleksander Barkov in Saguenéens zone.
0:46 of 3rd period - Snap shot by Blake Geoffrion.
0:46 of 3rd period - Stopped by Joe Cannata with a rebound.
0:48 of 3rd period - Slapshot by Mattias Backman.
0:48 of 3rd period - Stopped by Joe Cannata with a rebound.
0:50 of 3rd period - Wrist shot by Christian Djoos.
0:50 of 3rd period - Shot Blocked by Nick Mattson.
1:44 of 3rd period - Josh Morrissey is hit by Seth Helgeson and loses puck.
2:27 of 3rd period - Snap shot by Scott Laughton.
2:27 of 3rd period - Stopped by Joe Cannata without a rebound.
2:28 of 3rd period - Aleksander Barkov wins face-off versus Scott Laughton in Saguenéens zone.
2:36 of 3rd period - Seth Helgeson is hit by Mattias Backman and loses puck.
2:51 of 3rd period - Jake McCabe is hit by Joel Armia and loses puck.
3:16 of 3rd period - Snap shot by Juraj Mikus.
3:16 of 3rd period - Shot Misses the Net.
3:38 of 3rd period - Slapshot by Scott Laughton.
3:38 of 3rd period - Shot Misses the Net.
3:40 of 3rd period - Slapshot by Mattias Backman.
3:40 of 3rd period - Stopped by Joe Cannata with a rebound.
3:42 of 3rd period - Wrist shot by Mark McNeill.
3:42 of 3rd period - Goal by Mark McNeill - Saguenéens : 3 - Carnivores : 3.
3:43 of 3rd period - Anton Gustafsson wins face-off versus Aleksander Barkov in neutral zone.
3:59 of 3rd period - Garnet Hathaway is hit by Josh Morrissey and loses puck.
4:15 of 3rd period - Snap shot by Mark Stone.
4:15 of 3rd period - Shot Misses the Net.
4:33 of 3rd period - Nick Mattson is hit by Oskar Lindblom and loses puck.
4:51 of 3rd period - Minor Penalty to Teemu Pulkkinen for Holding.
4:52 of 3rd period - Anton Gustafsson wins face-off versus Garnet Hathaway in Saguenéens zone.
5:04 of 3rd period - Slapshot by Barret Jackman.
5:04 of 3rd period - Shot Blocked by Jake McCabe.
5:06 of 3rd period - Slapshot by Josh Morrissey.
5:06 of 3rd period - Stopped by Joe Cannata with a rebound.
5:08 of 3rd period - Wrist shot by Anton Gustafsson.
5:08 of 3rd period - Shot Misses the Net.
6:04 of 3rd period - Wrist shot by Scott Laughton.
6:04 of 3rd period - Shot Hit the Post.
6:41 of 3rd period - Off-side.
6:42 of 3rd period - Anton Gustafsson wins face-off versus Mikhail Grigorenko in neutral zone.
6:51 of 3rd period - Penalty to Teemu Pulkkinen is over, Teemu Pulkkinen is back on ice.
6:51 of 3rd period - Snap shot by Blake Geoffrion.
6:51 of 3rd period - Shot Misses the Net.
7:21 of 3rd period - Slapshot by Mikhail Grigorenko.
7:21 of 3rd period - Stopped by Niklas Svedberg without a rebound.
7:22 of 3rd period - Anton Gustafsson wins face-off versus Aleksander Barkov in Carnivores zone.
7:22 of 3rd period - Anton Gustafsson is hit by Garnet Hathaway.
9:30 of 3rd period - Snap shot by Scott Laughton.
9:30 of 3rd period - Shot Misses the Net.
9:32 of 3rd period - Wrist shot by Scott Laughton.
9:32 of 3rd period - Stopped by Joe Cannata with a rebound.
10:00 of 3rd period - Wrist shot by Anton Gustafsson.
10:00 of 3rd period - Deflect By Blake Geoffrion.
10:00 of 3rd period - Stopped by Joe Cannata with a rebound.
10:50 of 3rd period - Brett Connolly is hit by Julius Honka and loses puck.
11:09 of 3rd period - Seth Helgeson is hit by Riley Barber and loses puck.
11:33 of 3rd period - Mark McNeill is hit by Mark Stone and loses puck.
11:40 of 3rd period - Juraj Mikus is hit by Scott Laughton and loses puck.
12:01 of 3rd period - Jake McCabe is hit by Brett Connolly and loses puck.
12:16 of 3rd period - Seth Helgeson is hit by Lucas Wallmark.
12:25 of 3rd period - Rhett Rakhshani is hit by Riley Barber and loses puck.
14:15 of 3rd period - Aleksander Barkov is hit by Scott Laughton and loses puck.
14:28 of 3rd period - Carl Hagelin is hit by Markus Granlund and loses puck.
14:37 of 3rd period - Minor Penalty to Oskar Lindblom for Boarding.
14:38 of 3rd period - Aleksander Barkov wins face-off versus Anton Gustafsson in Carnivores zone.
15:31 of 3rd period - Anton Gustafsson is hit by Mason Raymond and loses puck.
16:37 of 3rd period - Penalty to Oskar Lindblom is over, Oskar Lindblom is back on ice.
18:09 of 3rd period - Backhand shot by Anton Gustafsson.
18:09 of 3rd period - Shot Blocked by Jake McCabe.
Goals for this period are 0 for Saguenéens vs 1 for Carnivores.
Shots for this period are 1 for Saguenéens vs 11 for Carnivores.
Overtime #1
0:01 of 1st overtime period - Garnet Hathaway wins face-off versus Anton Gustafsson in neutral zone.
0:08 of 1st overtime period - Snap shot by Garnet Hathaway.
0:08 of 1st overtime period - Shot Misses the Net.
0:40 of 1st overtime period - Nick Mattson is hit by Scott Laughton and loses puck.
0:49 of 1st overtime period - Wrist shot by Scott Laughton.
0:49 of 1st overtime period - Shot Misses the Net.
0:51 of 1st overtime period - Slapshot by Barret Jackman.
0:51 of 1st overtime period - Shot Misses the Net.
1:18 of 1st overtime period - Wrist shot by Oskar Lindblom.
1:18 of 1st overtime period - Shot Blocked by Patrick Sieloff.
3:01 of 1st overtime period - Oskar Lindblom is hit by Craig Cunningham and loses puck.
3:13 of 1st overtime period - Icing by Mattias Backman.
3:14 of 1st overtime period - Garnet Hathaway wins face-off versus Scott Laughton in Carnivores zone.
3:15 of 1st overtime period - Snap shot by Rhett Rakhshani.
3:15 of 1st overtime period - Deflect By Garnet Hathaway.
3:15 of 1st overtime period - Shot Misses the Net.
3:15 of 1st overtime period - Puck is out of play.
3:16 of 1st overtime period - Hunter Shinkaruk wins face-off versus Rhett Rakhshani in Carnivores zone.
3:23 of 1st overtime period - Wrist shot by Rhett Rakhshani.
3:23 of 1st overtime period - Shot Misses the Net.
3:25 of 1st overtime period - Wrist shot by Nick Mattson.
3:25 of 1st overtime period - Stopped by Niklas Svedberg with a rebound.
4:17 of 1st overtime period - Scott Laughton is hit by Nick Mattson and loses puck.
4:42 of 1st overtime period - Christian Djoos is hit by Jake McCabe and loses puck.
4:56 of 1st overtime period - Hunter Shinkaruk is hit by Duncan Siemens and loses puck.
Goals for this period are 0 for Saguenéens vs 0 for Carnivores.
Shots for this period are 1 for Saguenéens vs 0 for Carnivores.
ShootOut
5:00 of 1st overtime period - Round #1.
5:00 of 1st overtime period - Saguenéens, Garnet Hathaway.
5:00 of 1st overtime period - Deke by Garnet Hathaway.
5:00 of 1st overtime period - Stopped by Niklas Svedberg.
5:00 of 1st overtime period - Carnivores, Blake Geoffrion.
5:00 of 1st overtime period - Deke by Blake Geoffrion.
5:00 of 1st overtime period - Goal by Blake Geoffrion.
5:00 of 1st overtime period - Round #2.
5:00 of 1st overtime period - Saguenéens, Mason Raymond.
5:00 of 1st overtime period - Snap shot by Mason Raymond.
5:00 of 1st overtime period - Stopped by Niklas Svedberg.
5:00 of 1st overtime period - Carnivores, Anton Gustafsson.
5:00 of 1st overtime period - Deke by Anton Gustafsson.
5:00 of 1st overtime period - Shot Misses the Net.
5:00 of 1st overtime period - Round #3.
5:00 of 1st overtime period - Saguenéens, Mark Stone.
5:00 of 1st overtime period - Wrist shot by Mark Stone.
5:00 of 1st overtime period - Goal by Mark Stone.
5:00 of 1st overtime period - Carnivores, Oskar Lindblom.
5:00 of 1st overtime period - Deke by Oskar Lindblom.
5:00 of 1st overtime period - Stopped by Joe Cannata.
5:00 of 1st overtime period - Round #4.
5:00 of 1st overtime period - Saguenéens, Carl Hagelin.
5:00 of 1st overtime period - Snap shot by Carl Hagelin.
5:00 of 1st overtime period - Stopped by Niklas Svedberg.
5:00 of 1st overtime period - Carnivores, Markus Granlund.
5:00 of 1st overtime period - Wrist shot by Markus Granlund.
5:00 of 1st overtime period - Stopped by Joe Cannata.
5:00 of 1st overtime period - Round #5.
5:00 of 1st overtime period - Saguenéens, Aleksander Barkov.
5:00 of 1st overtime period - Deke by Aleksander Barkov.
5:00 of 1st overtime period - Goal by Aleksander Barkov.
5:00 of 1st overtime period - Carnivores, Scott Laughton.
5:00 of 1st overtime period - Snap shot by Scott Laughton.
5:00 of 1st overtime period - Stopped by Joe Cannata.
Back to the Top